 Dungeon Crawl Stone Soup version 0.30-a0-772-g5528072125 (webtiles) character file.

Game seed: 17945652747047253250

1162 jimonade the Spear-Bearer (level 8, -3/61 HPs)
             Began as a Formicid Fighter on Feb 12, 2023.
             Was a Follower of Okawaru.
             Slain by a two-headed ogre
             ... wielding a +0 giant club
              (6 damage)
             ... on level 6 of the Dungeon.
             The game lasted 00:12:21 (5723 turns).

jimonade the Spear-Bearer (Formicid Fighter)        Turns: 5723, Time: 00:12:22

Health: -3/61      AC: 21    Str: 21    XL:     8   Next: 67%
Magic:  10/10      EV: 11    Int: 10    God:    Okawaru [*.....]
Gold:   425        SH:  5    Dex: 13    Spells: 7/7 levels left

rFire   . . .      SeeInvis +    a - +0 trident (protect)
rCold   . . .      Faith    .    c - +0 buckler
rNeg    . . .      Spirit   .    k - +0 plate armour
rPois   .          Reflect  .    (helmet unavailable)
rElec   .          Harm     .    g - +0 cloak {rCorr}
rCorr   +          Rampage  .    o - +0 pair of gloves
Will    .....                    (no boots) Stlth
                                 (no amulet)
HPRegen 0.30/turn                v - ring of flight
MPRegen 0.12/turn                x - +5 ring of evasion

@: under a protective aura, flying
A: permanent stasis, dig shafts and tunnels, antennae 3, four strong arms
a: Dig, Shaft Self, Renounce Religion, Heroism


You were on level 6 of the Dungeon.
You worshipped Okawaru.
Okawaru was aware of your devotion.
You visited 2 branches of the dungeon, and saw 7 of its levels.
You also visited: Sewer.

You collected 425 gold pieces.

Inventory:

Hand Weapons
 a - a +0 trident of protection (weapon)
 b - a +0 sling
 i - a +0 triple crossbow
Armour
 c - a +0 buckler (worn)
 g - a +0 cloak of preservation (worn)
 j - a +0 scale mail
 k - a +0 plate armour (worn)
 l - a +0 chain mail
 o - a +0 pair of gloves (worn)
Magical Staves
 r - a staff of conjuration
Jewellery
 v - a ring of flight (left hand)
 x - a +5 ring of evasion (right hand)
Scrolls
 d - a scroll of fear
 h - a scroll of silence
 n - a scroll of poison
 u - a scroll of immolation
 y - a scroll of summoning
Potions
 e - 2 potions of attraction
 f - a potion of lignification
 m - 7 potions of flight
 p - a potion of ambrosia
 q - a potion of invisibility
 z - a potion of curing


   Skills:
 + Level 4.7 Fighting
 * Level 8.0 Polearms
 + Level 4.7 Armour
 + Level 0.7 Stealth
 + Level 5.3 Shields
 * Level 2.8 Invocations


You had 7 spell levels left.
You didn't know any spells.
Your spell library was empty.

Dungeon Overview and Level Annotations

Branches:
Dungeon (6/15)             Temple (1/1) D:4           Sewer (visited)

Altars:
Cheibriados
Dithmenos
Elyvilon
Fedhas
Hepliaklqana
Nemelex Xobeh
Okawaru
Ru
Sif Muna
Trog
Uskayaw
Wu Jian
Xom
Yredelemnul
Zin
The Shining One

Shops:
D:6 *


Innate Abilities, Weirdness & Mutations

You cannot be hasted, slowed, berserked, paralysed or teleported.
You can dig through walls and to a lower floor.
You have a pair of large antennae on your head. (SInv)
Your four strong arms can wield two-handed weapons with a shield.


Message History

The two-headed ogre closely misses you.
The two-headed ogre hits you but does no damage.
You hit the two-headed ogre.
The two-headed ogre is lightly wounded.
You puncture the two-headed ogre!
The two-headed ogre is moderately wounded.
You block the two-headed ogre's attack. The two-headed ogre closely misses you.
You hit the two-headed ogre but do no damage.
The two-headed ogre is moderately wounded.
You feel like a meek peon again.
You barely miss the two-headed ogre.
The two-headed ogre is moderately wounded.
The two-headed ogre barely misses you.
The two-headed ogre hits you but does no damage.
You barely miss the two-headed ogre.
The two-headed ogre is moderately wounded.
The two-headed ogre closely misses you. x2
You hit the two-headed ogre but do no damage.
The two-headed ogre is moderately wounded.
You barely miss the two-headed ogre.
The two-headed ogre is moderately wounded.
The two-headed ogre barely misses you. The two-headed ogre misses you.
You puncture the two-headed ogre!
The two-headed ogre is heavily wounded.
You barely miss the two-headed ogre.
The two-headed ogre is heavily wounded.
The two-headed ogre hits you with a +0 giant club!!
The two-headed ogre hits you with a +0 giant spiked club!
* * * LOW HITPOINT WARNING * * *
You hit the two-headed ogre.
The two-headed ogre is heavily wounded.
The two-headed ogre hits you but does no damage. x2
You hit the two-headed ogre.
The two-headed ogre is heavily wounded.
You barely miss the two-headed ogre.
The two-headed ogre is heavily wounded.
The two-headed ogre hits you with a +0 giant club!
* * * LOW HITPOINT WARNING * * *
The two-headed ogre hits you with a +0 giant spiked club.
You die...

##..####### ....##....##
...........# ######
...........########....######
..........................÷.#
...........######....######.#
...........#⌠...##...#~~~~#.#
#.#.....8'8#.._O.#...#~~~~'.##
..##....#.######@#...#~.~~#..#
#.......#..'.....#...#~~~~#..#
....(...#..†.....#...#~~~~#..#
........#.######.#...######..#
........8'8#,,_..#...........#
...........#⌠,,.##.####..###.#
....#......######..####..##..#
....##.............#....###.##
.....#..##.#.#.#.........##..#


You could see a two-headed ogre.

Vanquished Creatures
  A water moccasin (D:6)
  A black bear (D:5)
  3 ogres
  A bullfrog (D:6)
  2 scorpions (D:4)
  A necrophage (D:4)
  2 howler monkeys (D:6)
  A hound (D:6)
  An orc priest (D:6)
  2 iguanas
  7 adders
  5 river rats
  3 white imps
  4 worms
  3 dart slugs
  8 orcs
  14 ball pythons
  13 endoplasms
  5 giant cockroaches
  6 goblins
  10 hobgoblins
  9 jackals
  10 kobolds
  5 quokkas
  13 bats
  5 frilled lizards (D:1)
  4 rats
139 creatures vanquished.

Vanquished Creatures (others)
  A fungus (D:1)
  A plant (D:1)
2 creatures vanquished.

Grand Total: 141 creatures vanquished

Notes
Turn   | Place    | Note
-------+----------+-------------------------------------------
     0 | D:1      | jimonade the Formicid Fighter began the quest for the Orb.
     0 | D:1      | Reached XP level 1. HP: 18/18 MP: 1/1
   144 | D:1      | Reached XP level 2. HP: 24/24 MP: 2/2
   453 | D:1      | Reached XP level 3. HP: 29/29 MP: 3/3
   839 | D:1      | Found a faded altar of an unknown god.
  1389 | D:2      | Reached skill level 3 in Polearms
  1801 | D:3      | Reached XP level 4. HP: 36/36 MP: 4/4
  2453 | D:4      | Reached skill level 4 in Polearms
  2453 | D:4      | Reached XP level 5. HP: 13/42 MP: 5/5
  2693 | D:4      | Noticed an ogre
  2713 | D:4      | Killed an ogre
  2714 | D:4      | Reached XP level 6. HP: 29/48 MP: 6/6
  2840 | D:4      | Reached skill level 5 in Polearms
  3026 | D:4      | Reached XP level 7. HP: 54/54 MP: 7/7
  3341 | D:4      | Found a staircase to the Ecumenical Temple.
  3351 | Temple   | Entered the Ecumenical Temple
  3453 | Temple   | Became a worshipper of Warmaster Okawaru
  3962 | D:5      | Entered Level 5 of the Dungeon
  4000 | D:5      | Reached skill level 6 in Polearms
  4018 | D:5      | Found a shadowy altar of Dithmenos.
  4019 | D:5      | Found a shimmering altar of Xom.
  4056 | D:5      | Reached skill level 5 in Shields
  4122 | D:5      | Reached skill level 1 in Invocations
  4214 | D:5      | Found a white marble altar of Elyvilon.
  4373 | D:5      | You are sucked into a shaft and drop 1 floor!
  4405 | D:6      | Noticed a water moccasin
  4432 | D:6      | Killed a water moccasin
  4432 | D:6      | Reached * piety under Okawaru
  4433 | D:6      | Reached skill level 7 in Polearms
  4433 | D:6      | Reached XP level 8. HP: 26/61 MP: 9/9
  4483 | D:6      | Found a glowing drain.
  4521 | Sewer    | Entered a sewer
  5258 | D:6      | Found Jecev's Gadget Gallery.
  5439 | D:6      | Found a large runed translucent door.
  5439 | D:6      | Found a large runed translucent door.
  5702 | D:6      | Reached skill level 8 in Polearms
  5707 | D:6      | Found a glowing silver altar of Zin.
  5707 | D:6      | Noticed a two-headed ogre
  5723 | D:6      | HP: 3/61 [two-headed ogre/+0 giant club (9)]
  5723 | D:6      | Slain by a two-headed ogre

Illustrated notes

Levels and vault maps discovered:
D:1:      tarquinn_simple_flora_water_d, layout_basic,
          shapermc_ecumenical_altar_petra, hangedman_abyss_or_decor_stabs
D:2:      layout_basic
D:3:      layout_basic
D:4:      layout_basic, minmay_temple_entry_drinking_statues, serial_curves,
          eino_curves_02, eino_curves_03, eino_curves_02
D:5:      layout_basic, elyvilon_altar_4, nicolae_overflow_squiral
D:6:      layout_cave_pools, jmf_multi_god_temple2, portal_sewer_entry_c,
          serial_park_tiny_1, nicolae_shop_gadgets
Temple:   regret_index_temple_sphere_string

Skill      XL: |  1  2  3  4  5  6  7  8 |
---------------+-------------------------+-----
Polearms       | 3 4 5 7 8 |  8.0
Fighting       | 4 |  4.7
Armour         | 4 |  4.7
Shields        | 5 |  5.3
Invocations    | 1 2 |  2.8
Stealth        | |  0.7

Action                     |  1- 3 |  4- 6 |  7- 9 || total
---------------------------+-------+-------+-------++-------
  Melee: Trident           |   129 |   133 |   281 ||   543
   Fire: Sling             |       |     1 |       ||     1
 Invoke: Heroism           |       |       |     3 ||     3
    Use: Potion            |       |     1 |       ||     1
         Scroll            |       |       |    17 ||    17
 Armour: Scale mail        |    11 |       |       ||    11
         Plate armour      |    36 |    61 |   106 ||   203
  Dodge: Dodged            |    33 |    36 |   123 ||   192
  Block: Buckler           |    15 |    27 |    49 ||    91

Table legend: (Time is in decaauts)
 A = Elapsed time spent in this place.
 B = Non-inter-level travel time spent in this place.
 C = Inter-level travel time spent in this place.
 D = Time resting spent in this place.
 E = Time spent auto-exploring this place.
 F = Levels seen in this place.
 G = Mean time per level.
                   A        B        C        D        E       F      G
               +--------+--------+--------+--------+--------+-----+--------+
         Total |   5751 |   5630 |    121 |    149 |   3918 |   8 |  718.9 |
       Dungeon |   5086 |   4977 |    109 |    116 |   3609 |   6 |  847.7 |
        Temple |    115 |    103 |     12 |      0 |     86 |   1 |  115.0 |
         Sewer |    549 |    549 |      0 |     33 |    223 |   1 |  549.0 |
               +--------+--------+--------+--------+--------+-----+--------+

Top non-repeatable levels by time:
     D:4: 1426 daAuts
     D:2: 919 daAuts
     D:1: 892 daAuts
     D:6: 782 daAuts
     D:3: 654 daAuts
   Sewer: 549 daAuts
     D:5: 411 daAuts
  Temple: 115 daAuts
